 Dungeon Crawl Stone Soup version 0.28-a0-1485-g077359a4bf (webtiles) character file.

Game seed: 6431014067701914001

131 kae the Changer (level 4, -9/35 HPs)
             Began as a Draconian Transmuter on Jan 11, 2022.
             Killed from afar by a white imp (11 damage)
             ... with a puff of frost
             ... on level 3 of the Dungeon.
             The game lasted 00:01:30 (2079 turns).

kae the Changer (Draconian Transmuter)              Turns: 2079, Time: 00:01:31

Health: -9/35      AC:  5    Str: 13    XL:     4   Next: 91%
Magic:  5/8        EV: 12    Int: 15    God:
Gold:   126        SH:  0    Dex: 11    Spells: 1/9 levels left

rFire   . . .      SeeInvis .     - Unarmed
rCold   . . .      Faith    .   (no shield)
rNeg    . . .      Spirit   .   (armour unavailable)
rPois   .          Reflect  .   (helmet restricted)
rElec   .          Harm     .   (no cloak)
rCorr   .          Rampage  .   (no gloves)
Will    .....                   (no boots)
Stlth   +.........              (no amulet)
HPRegen 0.11/turn               (no ring)
MPRegen 0.11/turn               (no ring)

@: very slightly contaminated
A: AC +5, unfitting armour, cold-blooded
a: no special abilities


You were on level 3 of the Dungeon.
You visited 1 branch of the dungeon, and saw 3 of its levels.

You collected 126 gold pieces.

Inventory:

Jewellery
 f - an amulet of reflection
Scrolls
 b - 2 scrolls of identify
Potions
 c - a potion of mutation


   Skills:
 - Level 1.1 Fighting
 - Level 1.7 Dodging
 - Level 3.0 Unarmed Combat
 + Level 3.0 Spellcasting
 * Level 4.1 Transmutations
 * Level 0.7 Ice Magic
 - Level 1.0 Poison Magic


You had one spell level left.
You knew the following spells:

 Your Spells              Type           Power      Damage    Failure   Level
a - Beastly Appendage     Tmut           28%        N/A       3%          1
b - Spider Form           Tmut/Pois      10%        N/A       21%         3
c - Ice Form              Ice/Tmut       9%         N/A       58%         4

Your spell library contained the following spells:

 Spells                   Type           Power      Damage    Failure   Level
 Wereblood                Tmut           14%        N/A       5%          2


Dungeon Overview and Level Annotations

Branches:
Dungeon (3/15)

Altars:


Innate Abilities, Weirdness & Mutations

Your plain brown scales are hard. (AC +5)
You cannot fit into any form of body armour.
You are cold-blooded and may be slowed by cold attacks.


Message History

A white imp is nearby!
Casting: Beastly Appendage (safe; 3% risk of failure)
Confirm with . or Enter, or press ? or * to list all spells.
The spell is quite dangerous to miscast (21% risk of failure)!
Continue anyway? [Y]es or [N]o only, please.
The spell is quite dangerous to miscast (21% risk of failure)!
Continue anyway?
You miscast Spider Form.
You are very lightly contaminated with residual magic.
You feel incredibly sick.
You are poisoned.
You feel sick. The white imp closely misses you.
Okay, then.
As you read the scroll labelled NYTAETRIME, it crumbles to dust.
It is a scroll of identify.
c - a potion of mutation You feel sick.
The white imp hits you but does no damage.
Okay, then.
Okay, then.
As you read the scroll labelled WIGOUMN TELYNAISM, it crumbles to dust.
It is a scroll of amnesia.
Really abort (and waste the scroll)?
Okay, then.
You feel sick. The white imp hits you. The white imp freezes you.
* * * LOW HITPOINT WARNING * * *
This is a scroll of acquirement!
Something appears at your feet!
You feel sick.
You are no longer poisoned.
The white imp hits you.
* * * LOW HITPOINT WARNING * * *
The white imp freezes you.
You feel yourself slow down.
* * * LOW HITPOINT WARNING * * *
As you read the scroll labelled OCVOUC JALEWOR, it crumbles to dust.
The creatures around you are filled with an inner flame!
It was a scroll of immolation.
The white imp closely misses you.
You feel yourself speed up.
The white imp hits you but does no damage.
The white imp gestures at you. The puff of frost hits you!
You die...

. ..##......###...... #.
.....#..... ...... #..
#...#...# ......
#.##...#..####......
#........#.......... .
#.#...........=..... .#
#.............:.....
..#####)..........5.......
#...#....#......@.........
#..>....................
.##.†...#.................
...........##...###.......
.....<....###.#.# .......
.....†....##..#.# .......
.|.#.........##.# #...[..
...##..#.##..##. ... ..
..##.# #...


You could see a white imp (inner flame).

Vanquished Creatures
  A phantom (D:2)
  An adder (D:2)
  2 worms (D:2)
  A dart slug (D:2)
  3 ball pythons (D:1)
  5 endoplasms
  2 giant cockroaches (D:1)
  A goblin (D:1)
  7 hobgoblins
  2 jackals (D:1)
  A kobold (D:1)
  A quokka (D:3)
  7 bats
  2 frilled lizards
  A rat (D:2)
37 creatures vanquished.

Notes
Turn   | Place    | Note
-------+----------+-------------------------------------------
     0 | D:1      | kae the Draconian Transmuter began the quest for the Orb.
     0 | D:1      | Reached XP level 1. HP: 16/16 MP: 3/3
   293 | D:1      | Reached XP level 2. HP: 7/23 MP: 3/5
   862 | D:1      | Reached skill level 3 in Transmutations
  1136 | D:2      | Reached XP level 3. HP: 22/28 MP: 4/6
  1140 | D:2      | Learned a level 3 spell: Spider Form
  1198 | D:2      | Noticed a phantom
  1217 | D:2      | Killed a phantom
  1218 | D:2      | Reached skill level 4 in Transmutations
  1218 | D:2      | Reached skill level 1 in Poison Magic
  1218 | D:2      | Reached XP level 4. HP: 17/35 MP: 3/8
  1387 | D:2      | Learned a level 4 spell: Ice Form
  1916 | D:2      | Found a faded altar of an unknown god.
  2076 | D:3      | Identified a scroll of acquirement
  2076 | D:3      | Acquired 985 gold pieces
  2076 | D:3      | HP: 1/35 [white imp (2)]
  2079 | D:3      | Killed from afar by a white imp

Illustrated notes

Levels and vault maps discovered:
D:1:      saegor_arrival_miasma, layout_loops_ring, chequers_mini_garden,
          minmay_pentomino_u2
D:2:      layout_loops_ring, hellmonk_ecumenical_altar_leap_of_faith
D:3:      layout_rooms, minmay_misc_feat_x

Skill      XL: |  1  2  3  4 |
---------------+-------------+-----
Transmutations | 3 4 |  4.1
Poison Magic   | 1 |  1.0
Spellcasting   | 3 |  3.0
Fighting       | |  1.1
Dodging        | |  1.7
Unarmed Combat | |  3.0
Ice Magic      | |  0.7

Action                   |  1- 3 |  4- 6 || total
-------------------------+-------+-------++-------
Melee: Unarmed           |    82 |    31 ||   113
       Kick              |    12 |     4 ||    16
       Tailslap          |     5 |     6 ||    11
       Headbutt          |     4 |     3 ||     7
       Punch             |       |     1 ||     1
 Cast: Beastly Appendage |    15 |    10 ||    25
       Spider Form       |     1 |       ||     1
  Use: Scroll            |     2 |     4 ||     6
Armor: Skin              |    29 |    11 ||    40
Dodge: Dodged            |    67 |    21 ||    88

Table legend: (Time is in decaauts)
 A = Elapsed time spent in this place.
 B = Non-inter-level travel time spent in this place.
 C = Inter-level travel time spent in this place.
 D = Time resting spent in this place.
 E = Time spent auto-exploring this place.
 F = Levels seen in this place.
 G = Mean time per level.
                   A        B        C        D        E       F      G
               +--------+--------+--------+--------+--------+-----+--------+
         Total |   2072 |   2063 |      9 |      0 |   1772 |   3 |  690.7 |
       Dungeon |   2072 |   2063 |      9 |      0 |   1772 |   3 |  690.7 |
               +--------+--------+--------+--------+--------+-----+--------+

Top non-repeatable levels by time:
     D:1: 1071 daAuts
     D:2: 927 daAuts
     D:3: 73 daAuts
